 Dungeon Crawl Stone Soup version 0.26-a0-812-g31a745ddcd (webtiles) character file.

Game seed: 17228388700821558552

2462 kae the Changer (level 9, -20/38 HPs)
             Began as a Tengu Transmuter on Nov 19, 2020.
             Killed from afar by a ynoxinul (35 damage)
             ... with an iron shot
             ... on level 2 of the Abyss.
             The game lasted 00:06:29 (8680 turns).

kae the Changer (Tengu Transmuter)                  Turns: 8680, Time: 00:06:30

Health: -20/38     AC:  3    Str: 12 (13) XL:     9   Next: 50%
Magic:  10/10      EV: 14    Int: 15 (21) God:
Gold:   429        SH:  5    Dex: 10      Spells: 6/14 levels left

rFire    . . .     SeeInvis .     - Unarmed
rCold    . . .     Faith    .   (no shield)
rNeg     . . .     Spirit   .   x - +1 robe of Tiguepig {Str+2 Int+2}
rPois    .         Reflect  +   r - +1 hat
rElec    .         Harm     .   (no cloak)
rCorr    .         Rampage  .   (no gloves)
MR       .....                  (boots unavailable)
Stlth    +.........             m - amulet of reflection
HPRegen  0.12/turn              u - +6 ring of intelligence
MPRegen  0.12/turn              q - +4 ring of slaying

@: flying quickly and evasively, quick
A: beak, talons 3, [blurry vision 2], [clumsy 2], [deformed body],
[deterioration 2], [frail 3], [low mp 3], [screaming 2], [weak 2], able to fly
a: Stop Flying


You were on level 2 of the Abyss.
You visited 2 branches of the dungeon, and saw 9 of its levels.
You visited the Abyss 1 time.

You collected 429 gold pieces.

Inventory:

Armour
 a - a +0 robe
 c - a +2 robe of magic resistance
 r - a +1 hat (worn)
 x - the +1 robe of Tiguepig (worn) {Str+2 Int+2}
   (You found it on level 5 of the Dungeon)

   It affects your strength (+2).
   It affects your intelligence (+2).
Jewellery
 b - an uncursed amulet of faith
 l - an uncursed ring of stealth
 m - an amulet of reflection (around neck)
 o - an uncursed ring of stealth
 q - a +4 ring of slaying (right hand)
 u - a +6 ring of intelligence (left hand)
 w - an uncursed ring of stealth
Wands
 v - a wand of disintegration (13)
Scrolls
 d - 3 scrolls of remove curse
 e - 4 scrolls of identify
 g - 5 scrolls of teleportation
 p - 2 scrolls of fear
 s - 2 scrolls of enchant armour
 t - a scroll of enchant weapon
 z - a scroll of magic mapping
 A - 3 scrolls of blinking
Potions
 f - a potion of invisibility
 h - 3 potions of curing
 i - 3 potions of haste
 j - 3 potions of heal wounds
 k - a potion of brilliance
 n - a potion of cancellation


   Skills:
 + Level 6.1 Fighting
 - Level 2.1 Dodging
 + Level 7.4 Unarmed Combat
 - Level 3.0 Spellcasting
 * Level 7.4 Transmutations
 + Level 0.0 Ice Magic


You had 6 spell levels left.
You knew the following spells:

 Your Spells              Type           Power        Failure   Level
a - Beastly Appendage     Tmut           ###...       1%          1
b - Spider Form           Tmut/Pois      ##........   13%         3
c - Ice Form              Ice/Tmut       ##......     38%         4

Your spell library contained the following spells:

 Spells                   Type           Power        Failure   Level
 Wereblood                Tmut           ###.....     1%          2
 Blade Hands              Tmut           ###.......   26%         5


Dungeon Overview and Level Annotations

Branches:
Dungeon (8/15)             Temple (1/1) D:7
   Lair: D:8-11

Altars:
Ashenzari
Dithmenos
Elyvilon
Fedhas
Gozag
Kikubaaqudgha
Makhleb
Nemelex Xobeh
Okawaru
Qazlal
Ru
Sif Muna
Trog
Uskayaw
Vehumet
Wu Jian
Xom
Yredelemnul
Zin
The Shining One

Shops:
D:6 *

Annotations:
D:8 Psyche


Innate Abilities, Weirdness & Mutations

You have a beak for a mouth.
You have claws for feet.
You can fly continuously.
[Scrolls take you longer to read.]
[You are very clumsy. (Dex -4)]
[Armour fits poorly on your strangely shaped body.]
[Your body often deteriorates upon taking damage.]
[You are extremely frail. (-30% HP)]
[Your magical capacity is extremely low. (-30% MP)]
[You sometimes yell uncontrollably at your foes.]
[You are very weak. (Str -4)]


Message History

The neqoxec gestures.
You hit the brown very ugly thing but do no damage.
You claw the brown very ugly thing, but do no damage.
Your peck misses the brown very ugly thing.
The brown very ugly thing closely misses you.
The wretched star pulses with an eldritch light!
Your body twists and deforms.
The brown very ugly thing kicks you.
Your body deteriorates!
You feel weakened.
You are splashed with acid!
The neqoxec gestures at you.
You feel dopey. Something feeds on your intellect! The neqoxec gestures at you.
You feel dopey. Something feeds on your intellect!
The ynoxinul gestures at you. The iron shot hits you!!
Ouch! That really hurt!
You die...

#... .. .#... .#
.##.... #. ##.....
#.# ## ..#.#.# ..##
#.## ##...#. ...#
#...##..#....##...#
#......#.##u@## ##
.#.#####.....# .
#.55##.#3.....# ##.
#.5...3.####..#
#...
##X#..#....#.#... .
...
#.#####..#....#.
...
.#.....#....#...# .
#... .X#.#
.....#.#.#
##.###........#..#


You could see a brown very ugly thing, a neqoxec and a ynoxinul.

Vanquished Creatures
  Sigmund (D:6)
  Eustachio (D:5)
  2 sky beasts
  2 ice beasts
  A black bear (D:7)
  2 ogres (D:5)
  3 centaurs
  2 bullfrogs
  A scorpion (D:7)
  6 killer bees (D:7)
  5 wights (D:5)
  An orc priest (D:6)
  A bullfrog zombie (D:7)
  A jelly (D:6)
  A bullfrog skeleton (D:5)
  3 hounds
  5 orc wizards
  An iguana (D:5)
  2 worker ants
  A hound skeleton (D:8)
  A worker ant zombie (D:5)
  6 adders
  A gnoll (D:8)
  A shadow imp (D:5)
  3 white imps
  An ufetubus (D:5)
  2 adder skeletons
  2 worms
  3 dart slugs
  3 leopard geckos
  11 orcs
  3 giant cockroaches
  12 goblins
  5 hobgoblins
  2 jackals
  3 quokkas
  3 ball pythons
  10 bats
  7 frilled lizards
  5 kobolds
  A leopard gecko skeleton (D:5)
  6 rats
133 creatures vanquished.

Vanquished Creatures (others)
  A hound (D:8)
  A gnoll (D:8)
  A shadow imp (D:8)
3 creatures vanquished.

Grand Total: 136 creatures vanquished

Notes
Turn   | Place    | Note
-------+----------+-------------------------------------------
     0 | D:1      | kae the Tengu Transmuter began the quest for the Orb.
     0 | D:1      | Reached XP level 1. HP: 12/12 MP: 4/4
    88 | D:1      | Reached XP level 2. HP: 8/16 MP: 4/6
   663 | D:1      | Reached XP level 3. HP: 20/20 MP: 5/7
  1834 | D:2      | Found a glowing golden altar of the Shining One.
  2345 | D:3      | Reached XP level 4. HP: 9/26 MP: 6/8
  3997 | D:3      | Learned a level 3 spell: Spider Form
  4033 | D:4      | Gained mutation: You can fly continuously. [Tengu growth]
  4033 | D:4      | Reached XP level 5. HP: 17/30 MP: 6/10
  4438 | D:4      | Reached XP level 6. HP: 36/36 MP: 8/11
  4737 | D:5      | Entered Level 5 of the Dungeon
  4837 | D:5      | Found a shimmering blue altar of Sif Muna.
  4896 | D:5      | Noticed Eustachio
  4950 | D:5      | Noticed an ice beast
  4958 | D:5      | Killed an ice beast
  4958 | D:5      | Reached XP level 7. HP: 41/41 MP: 8/12
  5164 | D:5      | Reached skill level 5 in Unarmed Combat
  5335 | D:5      | Got a fabulously ornate robe
  5346 | D:5      | Identified the cursed +1 robe of Tiguepig {Str+2 Int+2}
                  | (You found it on level 5 of the Dungeon)
  5474 | D:5      | Reached skill level 5 in Transmutations
  5767 | D:5      | Reached XP level 8. HP: 48/48 MP: 10/13
  6347 | D:5      | Killed Eustachio
  6484 | D:6      | Reached skill level 5 in Fighting
  6664 | D:6      | Noticed Sigmund
  6686 | D:6      | Found Sygywyta's General Store.
  7233 | D:6      | Found a stormy altar of Qazlal.
  7331 | D:6      | Killed Sigmund
  7331 | D:6      | Reached XP level 9. HP: 46/54 MP: 11/14
  7683 | D:7      | Found a white marble altar of Elyvilon.
  7889 | D:7      | Found a staircase to the Ecumenical Temple.
  8027 | D:7      | Found an ornate altar of the Wu Jian Council.
  8096 | Temple   | Entered the Ecumenical Temple
  8536 | D:8      | Found a shimmering altar of Xom.
  8567 | D:8      | Learned a level 4 spell: Ice Form
  8603 | D:8      | Noticed Psyche
  8621 | D:8      | Cast into level 2 of the Abyss (Psyche)
  8630 | Abyss:2  | Noticed a wretched star
  8632 | Abyss:2  | Noticed a large abomination
  8661 | Abyss:2  | Noticed a large abomination
  8671 | Abyss:2  | Noticed a brown very ugly thing
  8680 | Abyss:2  | Killed from afar by a ynoxinul

Illustrated notes

Levels and vault maps discovered:
D:1:      minmay_arrival_solitary_statue, layout_loops_ring
D:2:      layout_loops_ring, tso_altar
D:3:      layout_basic, minmay_mini_jars
D:4:      layout_rooms
D:5:      kennysheep_six_static_rooms, layout_loops_ring, kennysheep_mini,
          uniq_eustachio
D:6:      layout_basic, marbit_many_paths, serial_shops, shop, uniq_sigmund
D:7:      layout_rooms, old_standard_altar, overflow_temple_1_default,
          minmay_temple_entry_purple_smoke
D:8:      kennysheep_windowed_halls, layout_cave_pools, cheibrodos_worm_habitat,
          xom_confusion_cloud, lair_entry_dummy, serial_gnoll_camp,
          gnoll_camp_mini_doghouse, gnoll_camp_huts_moat, gnoll_camp_mini_shop,
          gnoll_camp_mini_house, gnoll_camp_mini_hut, gnoll_camp_mini_hut,
          uniq_erica, uniq_maurice, uniq_psyche
Temple:   eino_narrow_crystal_temple
Abyss:2:  base:
D:2

Skill      XL: |  1  2  3  4  5  6  7  8  9 |
---------------+----------------------------+-----
Transmutations | 2 3 4 5 6 7 |  7.4
Fighting       | 2 3 4 5 6 |  6.1
Unarmed Combat | 4 5 6 7 |  7.4
Spellcasting   | 3 |  3.0
Dodging        | |  2.1

Action                   |  1- 3 |  4- 6 |  7- 9 || total
-------------------------+-------+-------+-------++-------
Melee: Unarmed           |    86 |    94 |   190 ||   370
       Headbutt          |     7 |     9 |     3 ||    19
       Peck              |     8 |     5 |     6 ||    19
       Kick              |    13 |    14 |    10 ||    37
       Punch             |     1 |     3 |     2 ||     6
 Cast: Beastly Appendage |    32 |    15 |     5 ||    52
       Spider Form       |       |     8 |    29 ||    37
       Ice Form          |       |       |     1 ||     1
 Abil: Fly               |       |     1 |       ||     1
  Use: Scroll            |     7 |     7 |     3 ||    17
 Stab: Sleeping          |     3 |       |     3 ||     6
       Distracted        |       |       |     1 ||     1
Armor: Robe              |    20 |    11 |     2 ||    33
       Skin              |       |       |     8 ||     8
Dodge: Dodged            |    65 |    66 |   137 ||   268
Block: Other             |       |    11 |    34 ||    45

Table legend: (Time is in decaauts)
 A = Elapsed time spent in this place.
 B = Non-inter-level travel time spent in this place.
 C = Inter-level travel time spent in this place.
 D = Time resting spent in this place.
 E = Time spent auto-exploring this place.
 F = Levels seen in this place.
 G = Mean time per level.
                   A        B        C        D        E       F      G
               +--------+--------+--------+--------+--------+-----+--------+
         Total |   8403 |   8103 |    300 |    811 |   6071 |  10 |  840.3 |
       Dungeon |   8167 |   7879 |    288 |    802 |   5901 |   8 | 1020.9 |
        Temple |    182 |    170 |     12 |      0 |    170 |   1 |  182.0 |
         Abyss |     53 |     53 |      0 |      9 |      0 |   1 |   53.0 |
               +--------+--------+--------+--------+--------+-----+--------+

Top non-repeatable levels by time:
     D:3: 2062 daAuts
     D:5: 1350 daAuts
     D:1: 1201 daAuts
     D:6: 1105 daAuts
     D:2: 964 daAuts
     D:4: 705 daAuts
     D:7: 672 daAuts
  Temple: 182 daAuts
     D:8: 105 daAuts
 Abyss:2: 53 daAuts
